 Seeded DCSS version 0.30-a0-1094-g860fb061e7 (webtiles) character file.

Game seed: 1019281591211795276 (custom seed)

2 NateTC the Trooper (level 1, 20/20 HPs)
             Began as a Minotaur Fighter on Apr 18, 2023.
             Quit the game on level 1 of the Dungeon.
             The game lasted 00:00:24 (111 turns).

NateTC the Trooper (Minotaur Fighter)                Turns: 111, Time: 00:00:24

Health: 20/20      AC:  6    Str: 20    XL:     1   Next: 25%
Magic:  0/0        EV:  9    Int:  5    God:
Gold:   3          SH:  4    Dex:  9    Spells: 0/0 levels left

rFire   . . .      SeeInvis .    a - +0 long sword
rCold   . . .      Faith    .    c - +0 buckler
rNeg    . . .      Spirit   .    b - +0 scale mail
rPois   .          Reflect  .    (helmet restricted)
rElec   .          Rampage  .    (no cloak)
rCorr   .                        (no gloves)
Will    .....                    (no boots) Stlth
                                 (no amulet)
HPRegen 0.23/turn                (no ring)
MPRegen 0.07/turn                (no ring)

@: no status effects
A: horns 2, retaliatory headbutt
a: no special abilities


You were on level 1 of the Dungeon.
You visited 1 branch of the dungeon, and saw 1 of its levels.

You collected 3 gold pieces.

Inventory:

Hand Weapons
 a - a +0 long sword (weapon)
Armour
 b - a +0 scale mail (worn)
 c - a +0 buckler (worn)
Potions
 d - a potion of might


   Skills:
 * Level 3.7 Fighting
 * Level 2.5 Long Blades
 + Level 3.6 Armour
 + Level 3.6 Shields


You couldn't memorise any spells.
You didn't know any spells.
Your spell library was empty.

Dungeon Overview and Level Annotations

Branches:
Dungeon (1/15) Zot: 5888

Altars:


Innate Abilities, Weirdness & Mutations

You have a pair of horns on your head.
You reflexively headbutt those who attack you in melee.


Message History

Press ? for a list of commands and other information.
Found a staircase leading out of the dungeon.
You open the door.
A frilled lizard comes into view.
The frilled lizard hisses angrily.
A frilled lizard is nearby!
A giant cockroach comes into view.
There are monsters nearby!
The frilled lizard bites you but does no damage.
You slash the frilled lizard!
You kill the frilled lizard!
The giant cockroach misses you.
You see here a frilled lizard corpse.
You slash the giant cockroach!
You kill the giant cockroach!
No target in view!
No target in view!
Found a stone staircase leading down.
No target in view!
Found a chain mail.
No target in view!
Found 8 stones.
No target in view!
You now have 3 gold pieces.
You see here 8 stones.
Found 5 stones.
No target in view!
Found an escape hatch in the floor.
No target in view!
Found a robe.
No target in view!
You see here 5 stones.
You see here a +0 robe.
You open the door.
There is an open door here.
As you open the door, it creaks loudly!
No target in view!
No target in view!
Are you sure you want to abandon this character and quit the game? (Confirm with "yes".)

#......<....##.
............##.###
.............#...##
.......###.........
#.#...#.#.........#.
#.#...#+#.#.....#.#.
#.#.......#.....#...
#.'...............#.
#@.....#####..###.
#.................
####......##....###..
+..........'....'.+..
############....###..
#....# #.. #....# #..
#....# #.. #....# ###


There were no monsters in sight!

Vanquished Creatures
  A giant cockroach (D:1)
  A frilled lizard (D:1)
2 creatures vanquished.

Notes
Turn   | Place    | Note
-------+----------+-------------------------------------------
     0 | D:1      | NateTC the Minotaur Fighter began the quest for the Orb.
     0 | D:1      | Reached XP level 1. HP: 19/19 MP: 0/0
   111 | D:1      | Quit the game

Illustrated notes

Levels and vault maps discovered:
D:1:      wander_arrival_lonely_grave, layout_basic, serial_shops,
          nicolae_shop_overgrown_old_shop, corner_web_ring

Action                     || total
---------------------------++-------
  Melee: Long sword        ||     2
 Armour: Scale mail        ||     1
  Dodge: Dodged            ||     1

Table legend: (Time is in decaauts)
 A = Elapsed time spent in this place.
 B = Non-inter-level travel time spent in this place.
 C = Inter-level travel time spent in this place.
 D = Time resting spent in this place.
 E = Time spent auto-exploring this place.
 F = Levels seen in this place.
 G = Mean time per level.
                   A        B        C        D        E       F      G
               +--------+--------+--------+--------+--------+-----+--------+
         Total |    111 |    111 |      0 |      0 |     96 |   1 |  111.0 |
       Dungeon |    111 |    111 |      0 |      0 |     96 |   1 |  111.0 |
               +--------+--------+--------+--------+--------+-----+--------+

Top non-repeatable levels by time:
     D:1: 111 daAuts
